| TOP OF THE 1ST |
|
Jacksonville Suns batting - Pitching for Mississippi Braves : RHP Tim Catalano
|
|
Pitching: RHP Tim Catalano
|
|
|
Batting: LHB Jose Cabello
|
0-0: Ball 1-0: Called Strike 1-1: Ball 2-1: Ball 3-1: Called Strike 3-2: Foul Ball, location: 2F 3-2: Foul Ball, location: 2F 3-2: Ground out 4-3 (Groundball, 4S, EV 65.6 MPH)
|
|
Batting: RHB Mike Gar
|
0-0: Ball 1-0: Fly out, F9 (Line Drive, 9D, EV 98.1 MPH)
|
|
Batting: RHB Akira Suzuki
|
0-0: Called Strike 0-1: Foul Ball, location: 2F 0-2: Foul Ball, location: 2F 0-2: Ground out 5-3 (Groundball, 56, EV 103.1 MPH)
|
| Top of the 1st over - 0 runs, 0 hits, 0 errors, 0 left on base; Jacksonville 0 - Mississippi 0 |
| BOTTOM OF THE 1ST |
|
Mississippi Braves batting - Pitching for Jacksonville Suns : RHP Nick Newmaster
|
|
Pitching: RHP Nick Newmaster
|
|
|
Batting: LHB Rodolfo Cano
|
0-0: Ball 1-0: Called Strike 1-1: Ball 2-1: Foul Ball, location: 2F 2-2: Foul Ball, location: 2F 2-2: Strikes out swinging
|
|
Batting: LHB Jon Burgos
|
0-0: Called Strike 0-1: Swinging Strike 0-2: Foul Ball, location: 2F 0-2: Ball 1-2: Strikes out swinging
|
|
Batting: RHB Tim Nettles
|
0-0: Foul Ball, location: 2F 0-1: Called Strike 0-2: Ball 1-2: Strikes out swinging
|
| Bottom of the 1st over - 0 runs, 0 hits, 0 errors, 0 left on base; Jacksonville 0 - Mississippi 0 |
| TOP OF THE 2ND |
|
Jacksonville Suns batting - Pitching for Mississippi Braves : RHP Tim Catalano
|
|
Batting: LHB Jimmy Hannon
|
0-0: Swinging Strike 0-1: Called Strike 0-2: Foul Ball, location: 2F 0-2: Foul Ball, location: 2F 0-2: Ball 1-2: Ball 2-2: Ground out 4-3 (Groundball, 4M, EV 101.9 MPH)
|
|
Batting: RHB Rick Fell
|
0-0: Ball 1-0: Ground out 6-3 (Groundball, 6, EV 88.1 MPH)
|
|
Batting: SHB Yoo-chul Jung
|
0-0: Ball 1-0: Called Strike 1-1: Swinging Strike 1-2: Ball 2-2: Ball 3-2: Strikes out looking
|
| Top of the 2nd over - 0 runs, 0 hits, 0 errors, 0 left on base; Jacksonville 0 - Mississippi 0 |
| BOTTOM OF THE 2ND |
|
Mississippi Braves batting - Pitching for Jacksonville Suns : RHP Nick Newmaster
|
|
Batting: RHB Zach Thomason
|
0-0: DOUBLE (Line Drive, 7LM, EV 110.6 MPH)
|
|
Batting: LHB Raul Guarjardo
|
0-0: Ball 1-0: Ball 2-0: Foul Ball, location: 2F 2-1: Ground out 5-3 (Groundball, 56S, EV 81.9 MPH)
|
|
Batting: RHB Zachary Sidney
|
0-0: Ball 1-0: Foul Ball, location: 2F 1-1: Foul Ball, location: 2F 1-2: Foul Ball, location: 2F 1-2: Foul Ball, location: 2F 1-2: Ball 2-2: Foul Ball, location: 2F 2-2: Strikes out swinging
|
|
Batting: LHB Pablo Ordonez
|
0-0: Ball 1-0: Foul Ball, location: 2F 1-1: Foul Ball, location: 2F 1-2: Foul Ball, location: 2F 1-2: Ball 2-2: Ground out 5-3 (Groundball, 56, EV 99.4 MPH)
|
| Bottom of the 2nd over - 0 runs, 1 hit, 0 errors, 1 left on base; Jacksonville 0 - Mississippi 0 |
| TOP OF THE 3RD |
|
Jacksonville Suns batting - Pitching for Mississippi Braves : RHP Tim Catalano
|
|
Batting: LHB Jeff Tavella
|
0-0: Fly out, F7 (Flyball, 7S, EV 82.5 MPH)
|
|
Batting: RHB Wilson Valdez
|
0-0: Ball 1-0: Ball 2-0: DOUBLE (Groundball, 3L, EV 98.1 MPH)
|
|
Batting: RHB Marco Sianez
|
0-0: Called Strike 0-1: Called Strike 0-2: SINGLE (Groundball, 56D, EV 97.5 MPH) Wilson Valdez to third Runner from 3rd tries for Home, SAFE, throw by LF to home Marco Sianez to second
|
|
Batting: LHB Jose Cabello
|
0-0: Hit by Pitch
|
|
Batting: RHB Mike Gar
|
0-0: Ball 1-0: Ball 2-0: Called Strike 2-1: SINGLE (Groundball, P, EV 80.0 MPH) (infield hit) Marco Sianez to third Jose Cabello to second
|
|
Batting: RHB Akira Suzuki
|
0-0: Ball 1-0: Grounds into double play, 6-4-3 (Groundball, 6, EV 106.9 MPH)
|
| Top of the 3rd over - 1 run, 3 hits, 0 errors, 2 left on base; Jacksonville 1 - Mississippi 0 |
| BOTTOM OF THE 3RD |
|
Mississippi Braves batting - Pitching for Jacksonville Suns : RHP Nick Newmaster
|
|
Batting: SHB Ian Finley
|
0-0: Called Strike 0-1: Called Strike 0-2: Ball 1-2: Ball 2-2: Strikes out swinging
|
|
Batting: RHB Bobby Lavole
|
0-0: Ball 1-0: Called Strike 1-1: Fly out, F7 (Flyball, 78M, EV 96.9 MPH)
|
|
Batting: LHB Rodolfo Cano
|
0-0: Called Strike 0-1: Swinging Strike 0-2: SINGLE (Line Drive, 7LS, EV 100.6 MPH)
|
|
Batting: LHB Jon Burgos
|
0-0: Called Strike 0-1: Foul Ball, location: 2F 0-2: Ball Rodolfo Cano steals 2nd base 1-2: Foul Ball, location: 2F 1-2: Strikes out swinging
|
| Bottom of the 3rd over - 0 runs, 1 hit, 0 errors, 1 left on base; Jacksonville 1 - Mississippi 0 |
| TOP OF THE 4TH |
|
Jacksonville Suns batting - Pitching for Mississippi Braves : RHP Tim Catalano
|
|
Batting: LHB Jimmy Hannon
|
0-0: Swinging Strike 0-1: Ball 1-1: Ground out 3-1 (Groundball, 34S, EV 85.0 MPH)
|
|
Batting: RHB Rick Fell
|
0-0: Called Strike 0-1: Foul Ball, location: 2F 0-2: Strikes out swinging
|
|
Batting: SHB Yoo-chul Jung
|
0-0: Called Strike 0-1: Hit by Pitch
|
|
Batting: LHB Jeff Tavella
|
0-0: Ball 1-0: Foul Ball, location: 2F 1-1: SINGLE (Groundball, 56D, EV 98.1 MPH) Yoo-chul Jung to second
|
|
Batting: RHB Wilson Valdez
|
0-0: Called Strike 0-1: Ball 1-1: Fielders Choice at 2nd, 5-4 (Groundball, 5, EV 108.1 MPH)
|
| Top of the 4th over - 0 runs, 1 hit, 0 errors, 2 left on base; Jacksonville 1 - Mississippi 0 |
| BOTTOM OF THE 4TH |
|
Mississippi Braves batting - Pitching for Jacksonville Suns : RHP Nick Newmaster
|
|
Batting: RHB Tim Nettles
|
0-0: Ball 1-0: Called Strike 1-1: Foul Ball, location: 2F 1-2: Ball 2-2: Fly out, F9 (Flyball, 9LD, EV 100.0 MPH)
|
|
Batting: RHB Zach Thomason
|
0-0: Ball 1-0: Ball 2-0: Swinging Strike 2-1: Ball 3-1: Swinging Strike 3-2: Strikes out swinging
|
|
Batting: LHB Raul Guarjardo
|
0-0: Ground out 5-3 (Groundball, 25, EV 87.5 MPH)
|
| Bottom of the 4th over - 0 runs, 0 hits, 0 errors, 0 left on base; Jacksonville 1 - Mississippi 0 |
| TOP OF THE 5TH |
|
Jacksonville Suns batting - Pitching for Mississippi Braves : RHP Tim Catalano
|
|
Batting: RHB Marco Sianez
|
0-0: Ground out 6-3 (Groundball, 6, EV 80.0 MPH)
|
|
Batting: LHB Jose Cabello
|
0-0: Ball 1-0: Ball 2-0: Called Strike 2-1: Ground out U3 (Groundball, 3, EV 78.1 MPH)
|
|
Batting: RHB Mike Gar
|
0-0: Ball 1-0: Ball 2-0: Ball 3-0: Called Strike 3-1: Base on Balls
|
|
Batting: RHB Akira Suzuki
|
0-0: Called Strike 0-1: Ball Mike Gar steals 2nd base 1-1: Ball 2-1: Ground out 6-3 (Groundball, 6, EV 88.1 MPH)
|
| Top of the 5th over - 0 runs, 0 hits, 0 errors, 1 left on base; Jacksonville 1 - Mississippi 0 |
| BOTTOM OF THE 5TH |
|
Mississippi Braves batting - Pitching for Jacksonville Suns : RHP Nick Newmaster
|
|
Batting: RHB Zachary Sidney
|
0-0: SINGLE (Flyball, 34D, EV 93.8 MPH)
|
|
Batting: LHB Pablo Ordonez
|
0-0: Called Strike 0-1: Called Strike 0-2: Ball 1-2: Ball 2-2: Foul Ball, location: 2F 2-2: Strikes out looking
|
|
Batting: SHB Ian Finley
|
0-0: Called Strike 0-1: Swinging Strike 0-2: Ball 1-2: Ball 2-2: Foul Ball, location: 2F 2-2: Strikes out looking
|
|
Batting: RHB Bobby Lavole
|
0-0: Called Strike 0-1: Fielders Choice at 2nd, 6-4 (Groundball, 6, EV 101.2 MPH)
|
| Bottom of the 5th over - 0 runs, 1 hit, 0 errors, 1 left on base; Jacksonville 1 - Mississippi 0 |
| TOP OF THE 6TH |
|
Jacksonville Suns batting - Pitching for Mississippi Braves : RHP Tim Catalano
|
|
Batting: LHB Jimmy Hannon
|
0-0: Fly out, F7 (Flyball, 7LM, EV 96.9 MPH)
|
|
Batting: RHB Rick Fell
|
0-0: Ball 1-0: Fly out, F7 (Flyball, 78D, EV 103.1 MPH)
|
|
Batting: SHB Yoo-chul Jung
|
0-0: Ground out 4-3 (Groundball, 4, EV 81.9 MPH)
|
| Top of the 6th over - 0 runs, 0 hits, 0 errors, 0 left on base; Jacksonville 1 - Mississippi 0 |
| BOTTOM OF THE 6TH |
|
Mississippi Braves batting - Pitching for Jacksonville Suns : RHP Nick Newmaster
|
|
Batting: LHB Rodolfo Cano
|
0-0: Foul Ball, location: 2F 0-1: Called Strike 0-2: Fly out, F6 (Flyball, 56D, EV 86.9 MPH)
|
|
Batting: LHB Jon Burgos
|
0-0: Ball 1-0: Foul Ball, location: 2F 1-1: Ball 2-1: Called Strike 2-2: Ball 3-2: Foul Ball, location: 2F 3-2: Base on Balls
|
|
Batting: RHB Tim Nettles
|
0-0: Ball 1-0: DOUBLE (Line Drive, 78XD, EV 99.4 MPH) Jon Burgos to third
|
|
Batting: RHB Zach Thomason
|
0-0: Foul Ball, location: 2F 0-1: Foul Ball, location: 2F 0-2: Ball 1-2: Foul Ball, location: 2F 1-2: Ball 2-2: Ball 3-2: Foul Ball, location: 2F 3-2: Foul Ball, location: 2F 3-2: Foul Ball, location: 2F 3-2: Base on Balls
|
|
Pitching: RHP Tim Sherrill
|
|
|
Batting: LHB Raul Guarjardo
|
0-0: Grounds into fielders choice 6-2 (Groundball, 6, EV 91.2 MPH) Tim Nettles to third Zach Thomason to second
|
|
Batting: RHB Zachary Sidney
|
0-0: Ball 1-0: DOUBLE (Line Drive, 78M, EV 97.5 MPH) Tim Nettles scores Zach Thomason scores Raul Guarjardo to third Runner from 3rd tries for Home, SAFE, no throw by CF
|
|
Batting: LHB Pablo Ordonez
|
0-0: Foul Ball, location: 2F 0-1: Called Strike 0-2: Ball 1-2: Ball 2-2: Ball 3-2: Foul Ball, location: 2F 3-2: Foul Ball, location: 2F 3-2: Foul Ball, location: 2F 3-2: SINGLE (Line Drive, 8LS, EV 106.2 MPH) Zachary Sidney to third Runner from 3rd tries for Home, throw by CF and OUT! 8-2
|
| Bottom of the 6th over - 3 runs, 3 hits, 0 errors, 1 left on base; Jacksonville 1 - Mississippi 3 |
| TOP OF THE 7TH |
|
Jacksonville Suns batting - Pitching for Mississippi Braves : RHP Tim Catalano
|
|
Now at 2B: Edwin Cota
|
|
|
Now in LF: Rodolfo Cano
|
|
|
Now in RF: Jon Burgos
|
|
|
Batting: LHB Jeff Tavella
|
0-0: Called Strike 0-1: Ball 1-1: Called Strike 1-2: Foul Ball, location: 2F 1-2: Ball 2-2: Fly out, F4 (Popup, 34S, EV 81.9 MPH)
|
|
Batting: RHB Wilson Valdez
|
0-0: Ball 1-0: Foul Ball, location: 2F 1-1: Ball 2-1: Foul Ball, location: 2F 2-2: Strikes out swinging
|
|
Batting: RHB Marco Sianez
|
0-0: Ball 1-0: Ball 2-0: Ball 3-0: Called Strike 3-1: Ground out 4-3 (Groundball, 4M, EV 80.6 MPH)
|
| Top of the 7th over - 0 runs, 0 hits, 0 errors, 0 left on base; Jacksonville 1 - Mississippi 3 |
| BOTTOM OF THE 7TH |
|
Mississippi Braves batting - Pitching for Jacksonville Suns : RHP Tim Sherrill
|
|
Pitching: RHP Javy Balderrama
|
|
|
Batting: SHB Ian Finley
|
0-0: Ball 1-0: Foul Ball, location: 2F 1-1: Ball 2-1: Ball 3-1: Called Strike 3-2: Strikes out looking
|
|
Batting: RHB Bobby Lavole
|
0-0: Foul Ball, location: 2F 0-1: Ball 1-1: Foul Ball, location: 2F 1-2: Ground out 5-3 (Groundball, 56, EV 86.9 MPH)
|
|
Batting: LHB Rodolfo Cano
|
0-0: Ball 1-0: Ball 2-0: Called Strike 2-1: Ball 3-1: Base on Balls
|
|
Batting: LHB Jon Burgos
|
0-0: Called Strike 0-1: Foul Ball, location: 2F 0-2: SINGLE (Groundball, 5, EV 86.9 MPH) (infield hit) Rodolfo Cano to second
|
|
Batting: RHB Tim Nettles
|
0-0: Swinging Strike 0-1: Swinging Strike 0-2: Ball 1-2: Fielders Choice at 2nd, 5-4 (Groundball, 5, EV 96.2 MPH)
|
| Bottom of the 7th over - 0 runs, 1 hit, 0 errors, 2 left on base; Jacksonville 1 - Mississippi 3 |
| TOP OF THE 8TH |
|
Jacksonville Suns batting - Pitching for Mississippi Braves : RHP Tim Catalano
|
|
Pitching: RHP Scott Bentley
|
|
|
Batting: LHB Jose Cabello
|
0-0: Ball 1-0: Swinging Strike 1-1: Foul Ball, location: 2F 1-2: Ball 2-2: Foul Ball, location: 2F 2-2: Ground out U3 (Groundball, 34S, EV 85.6 MPH)
|
|
Batting: RHB Mike Gar
|
0-0: Ball 1-0: Swinging Strike 1-1: Ball 2-1: Foul Ball, location: 2F 2-2: Ball 3-2: Strikes out swinging
|
|
Batting: RHB Akira Suzuki
|
0-0: Fly out, F7 (Flyball, 7, EV 91.9 MPH)
|
| Top of the 8th over - 0 runs, 0 hits, 0 errors, 0 left on base; Jacksonville 1 - Mississippi 3 |
| BOTTOM OF THE 8TH |
|
Mississippi Braves batting - Pitching for Jacksonville Suns : RHP Javy Balderrama
|
|
Pitching: RHP Matt Murray
|
|
|
Batting: RHB Zach Thomason
|
0-0: Called Strike 0-1: Fly out, F8 (Flyball, 8LS, EV 78.1 MPH)
|
|
Batting: LHB Raul Guarjardo
|
0-0: DOUBLE (Line Drive, 78D, EV 113.1 MPH)
|
|
Batting: RHB Zachary Sidney
|
0-0: Intentional Walk
|
|
Batting: RHB Edwin Cota
|
0-0: Ball 1-0: Called Strike 1-1: Swinging Strike 1-2: Strikes out looking
|
|
Batting: SHB Ian Finley
|
0-0: Foul Ball, location: 2F 0-1: Ball 1-1: Foul Ball, location: 2F 1-2: Strikes out looking
|
| Bottom of the 8th over - 0 runs, 1 hit, 0 errors, 2 left on base; Jacksonville 1 - Mississippi 3 |
| TOP OF THE 9TH |
|
Jacksonville Suns batting - Pitching for Mississippi Braves : RHP Scott Bentley
|
|
Pitching: RHP Kwang-sik Kim
|
|
|
Batting: LHB Jimmy Hannon
|
0-0: Swinging Strike 0-1: Fly out, F9 (Flyball, 89S, EV 86.9 MPH)
|
|
Batting: RHB Rick Fell
|
0-0: Called Strike 0-1: Swinging Strike 0-2: Ball 1-2: Strikes out swinging
|
|
Batting: SHB Yoo-chul Jung
|
0-0: Called Strike 0-1: Called Strike 0-2: Strikes out swinging
|
| Top of the 9th over - 0 runs, 0 hits, 0 errors, 0 left on base; Jacksonville 1 - Mississippi 3 |
|